| TOP OF THE 1ST |
|
Minnesota (NYP) Twins batting - Pitching for Lowell Spinners : LHP Ken Berger
|
|
Pitching: LHP Ken Berger
|
|
|
Batting: RHB David McClellan
|
0-0: Swinging Strike 0-1: Ball 1-1: Ball 2-1: Ball 3-1: Foul Ball, location: 2F 3-2: Strikes out swinging
|
|
Batting: RHB Sergio Gomez
|
0-0: Ball 1-0: Foul Ball, location: 2F 1-1: Ground out 1-3 (Groundball, 13S, EV 65.6 MPH)
|
|
Batting: LHB Tomas Espino
|
0-0: Ball 1-0: Swinging Strike 1-1: Ball 2-1: DOUBLE (Line Drive, 9LS, EV 103.8 MPH)
|
|
Batting: RHB Pat Adams
|
0-0: Ground out 5-3 (Groundball, 5S, EV 81.2 MPH)
|
| Top of the 1st over - 0 runs, 1 hit, 0 errors, 1 left on base; Minnesota (NYP) 0 - Lowell 0 |
| BOTTOM OF THE 1ST |
|
Lowell Spinners batting - Pitching for Minnesota (NYP) Twins : LHP Ricky Lopez
|
|
Pitching: LHP Ricky Lopez
|
|
|
Batting: RHB Aukukero Tairi
|
0-0: Ball 1-0: Ball 2-0: DOUBLE (Line Drive, 89D, EV 104.4 MPH)
|
|
Batting: RHB Xavier Joslin
|
0-0: Called Strike 0-1: Foul Ball, location: 2F 0-2: Strikes out swinging
|
|
Batting: SHB Salvador Padilla
|
0-0: 2-RUN HOME RUN (Flyball, 7LD, EV 91.2 MPH), Distance : 353 ft
|
|
Batting: RHB Tony Gallegos
|
0-0: Ball 1-0: Ball 2-0: Ball 3-0: Base on Balls
|
|
Batting: RHB Raul Sanchez
|
0-0: Ball 1-0: Ball 2-0: Foul Ball, location: 2F 2-1: Fly out, F9 (Flyball, 9LMF, EV 91.2 MPH)
|
|
Batting: RHB Mario Arriero
|
0-0: Foul Ball, location: 2F 0-1: Called Strike 0-2: Strikes out swinging
|
| Bottom of the 1st over - 2 runs, 2 hits, 0 errors, 1 left on base; Minnesota (NYP) 0 - Lowell 2 |
| TOP OF THE 2ND |
|
Minnesota (NYP) Twins batting - Pitching for Lowell Spinners : LHP Ken Berger
|
|
Batting: RHB Fhil Mikrakin
|
0-0: Swinging Strike 0-1: Ball 1-1: Ball 2-1: Foul Ball, location: 2F 2-2: Ball 3-2: Base on Balls
|
|
Batting: RHB Ton van Dijk
|
0-0: Foul Ball, location: 2F 0-1: Ball 1-1: Ball 2-1: Ball 3-1: Base on Balls Fhil Mikrakin to second
|
|
Batting: LHB Jose Hilario
|
0-0: SINGLE (Groundball, 56D, EV 98.1 MPH) Fhil Mikrakin to third Ton van Dijk to second Runner from 3rd tries for Home, SAFE, throw by LF to home
|
|
Batting: SHB Juan Aguilar
|
0-0: Called Strike 0-1: Ball 1-1: Called Strike 1-2: Strikes out looking
|
|
Batting: LHB Ben Roth
|
0-0: Foul Ball, location: 2LF, Error on foul ball, E2 0-1: Ball Balk! Ton van Dijk to third Jose Hilario to second 1-1: Ground out 6-3 (Groundball, 6D, EV 107.5 MPH) Ton van Dijk scores
|
|
Batting: RHB David McClellan
|
0-0: Ball 1-0: Ball 2-0: Ball 3-0: Ground out 5-3 (Groundball, 56, EV 105.0 MPH)
|
| Top of the 2nd over - 2 runs, 1 hit, 1 error, 1 left on base; Minnesota (NYP) 2 - Lowell 2 |
| BOTTOM OF THE 2ND |
|
Lowell Spinners batting - Pitching for Minnesota (NYP) Twins : LHP Ricky Lopez
|
|
Batting: RHB Willie Camacho
|
0-0: Swinging Strike 0-1: Called Strike 0-2: Ball 1-2: Ball 2-2: Strikes out looking
|
|
Batting: LHB Robert Gonzalez
|
0-0: Ball 1-0: Called Strike 1-1: Called Strike 1-2: Ball 2-2: SINGLE (Groundball, 4S, EV 63.8 MPH) (infield hit)
|
|
Batting: RHB Rogelio Cervantes
|
0-0: Ball 1-0: Ball Robert Gonzalez is caught stealing 2nd base 2-4 2-0: Called Strike 2-1: Foul Ball, location: 2F 2-2: Ball 3-2: Foul Ball, location: 2F 3-2: Foul Ball, location: 2F 3-2: Foul Ball, location: 2F 3-2: SINGLE (Groundball, 56S, EV 70.6 MPH) (infield hit)
|
|
Batting: RHB Aukukero Tairi
|
Pickoff Throw to First - Out! 1-3 CS
|
| Bottom of the 2nd over - 0 runs, 2 hits, 0 errors, 0 left on base; Minnesota (NYP) 2 - Lowell 2 |
| TOP OF THE 3RD |
|
Minnesota (NYP) Twins batting - Pitching for Lowell Spinners : LHP Ken Berger
|
|
Batting: RHB Sergio Gomez
|
0-0: Ball 1-0: Foul Ball, location: 2F 1-1: Swinging Strike 1-2: Ball 2-2: Ground out 5-3 (Groundball, 56, EV 83.1 MPH)
|
|
Batting: LHB Tomas Espino
|
0-0: Ball 1-0: Called Strike 1-1: Ball 2-1: Ball 3-1: Base on Balls
|
|
Batting: RHB Pat Adams
|
0-0: Called Strike 0-1: Fielders Choice at 2nd, 4-6 (Groundball, 4M, EV 100.6 MPH)
|
|
Batting: RHB Fhil Mikrakin
|
0-0: Called Strike 0-1: Called Strike 0-2: Strikes out swinging
|
| Top of the 3rd over - 0 runs, 0 hits, 0 errors, 1 left on base; Minnesota (NYP) 2 - Lowell 2 |
| BOTTOM OF THE 3RD |
|
Lowell Spinners batting - Pitching for Minnesota (NYP) Twins : LHP Ricky Lopez
|
|
Batting: RHB Aukukero Tairi
|
0-0: Foul Ball, location: 2F 0-1: Ball 1-1: Reached on error, E6 (Groundball, 6S, EV 63.1 MPH)
|
|
Batting: RHB Xavier Joslin
|
0-0: Ball 1-0: Ball 2-0: Fielders Choice at 2nd, 6-4 (Groundball, 56, EV 76.9 MPH)
|
|
Batting: SHB Salvador Padilla
|
0-0: Ball 1-0: SINGLE (Flyball, 3D, EV 85.0 MPH) Xavier Joslin to second
|
|
Batting: RHB Tony Gallegos
|
0-0: Called Strike 0-1: Ball Passed Ball! Xavier Joslin to third Salvador Padilla to second 1-1: Foul Ball, location: 2F 1-2: Ball 2-2: Ball 3-2: Strikes out looking
|
|
Batting: RHB Raul Sanchez
|
0-0: Called Strike 0-1: Ball 1-1: Foul Ball, location: 2F 1-2: Strikes out swinging
|
| Bottom of the 3rd over - 0 runs, 1 hit, 1 error, 2 left on base; Minnesota (NYP) 2 - Lowell 2 |
| TOP OF THE 4TH |
|
Minnesota (NYP) Twins batting - Pitching for Lowell Spinners : LHP Ken Berger
|
|
Batting: RHB Ton van Dijk
|
0-0: Ball 1-0: Called Strike 1-1: Ground out 4-3 (Groundball, 4, EV 88.1 MPH)
|
|
Batting: LHB Jose Hilario
|
0-0: Foul Ball, location: 2F 0-1: Ground out 1-3 (Groundball, 13, EV 65.6 MPH)
|
|
Batting: SHB Juan Aguilar
|
0-0: Called Strike 0-1: Foul Ball, location: 2F 0-2: Ball 1-2: Ball 2-2: Strikes out looking
|
| Top of the 4th over - 0 runs, 0 hits, 0 errors, 0 left on base; Minnesota (NYP) 2 - Lowell 2 |
| BOTTOM OF THE 4TH |
|
Lowell Spinners batting - Pitching for Minnesota (NYP) Twins : LHP Ricky Lopez
|
|
Batting: RHB Mario Arriero
|
0-0: Called Strike 0-1: Ball 1-1: Called Strike 1-2: Ground out 6-3 (Groundball, 6M, EV 104.4 MPH)
|
|
Batting: RHB Willie Camacho
|
0-0: Called Strike 0-1: Ball 1-1: Ball 2-1: Fly out, F9 (Flyball, 89M, EV 85.0 MPH)
|
|
Batting: LHB Robert Gonzalez
|
0-0: Ground out 5-3 (Groundball, 5, EV 99.4 MPH)
|
| Bottom of the 4th over - 0 runs, 0 hits, 0 errors, 0 left on base; Minnesota (NYP) 2 - Lowell 2 |
| TOP OF THE 5TH |
|
Minnesota (NYP) Twins batting - Pitching for Lowell Spinners : LHP Ken Berger
|
|
Batting: LHB Ben Roth
|
0-0: Called Strike 0-1: Ball 1-1: Ball 2-1: Bunt missed! 2-2: Ball 3-2: Ground out U3 (Groundball, 3L, EV 91.9 MPH)
|
|
Batting: RHB David McClellan
|
0-0: Ball 1-0: Called Strike 1-1: Foul Ball, location: 2F 1-2: Foul Ball, location: 2F 1-2: Ball 2-2: SINGLE (Line Drive, 6M, EV 103.8 MPH)
|
|
Batting: RHB Sergio Gomez
|
0-0: Ball David McClellan is caught stealing 2nd base 2-4 1-0: Foul Ball, location: 2F 1-1: Ball 2-1: Ground out U3 (Groundball, 3S, EV 81.2 MPH)
|
| Top of the 5th over - 0 runs, 1 hit, 0 errors, 0 left on base; Minnesota (NYP) 2 - Lowell 2 |
| BOTTOM OF THE 5TH |
|
Lowell Spinners batting - Pitching for Minnesota (NYP) Twins : LHP Ricky Lopez
|
|
Batting: RHB Rogelio Cervantes
|
0-0: Called Strike 0-1: Ball 1-1: Foul Ball, location: 2F 1-2: Foul Ball, location: 2F 1-2: Ball 2-2: SINGLE (Groundball, 6MD, EV 94.4 MPH)
|
|
Batting: RHB Aukukero Tairi
|
0-0: Ball 1-0: Ball Rogelio Cervantes is caught stealing 2nd base 2-4 2-0: Ball 3-0: Base on Balls
|
|
Batting: RHB Xavier Joslin
|
0-0: Ball 1-0: Foul Ball, location: 2F 1-1: DOUBLE (Groundball, 5L, EV 102.5 MPH) Aukukero Tairi to third
|
|
Batting: SHB Salvador Padilla
|
0-0: Ball 1-0: Ball 2-0: Ball 3-0: Base on Balls
|
|
Pitching: RHP Larry Muttart
|
|
|
Batting: RHB Tony Gallegos
|
0-0: Called Strike 0-1: Called Strike 0-2: Ball 1-2: Fly out, F3 (Line Drive, 3, EV 69.4 MPH) Lined into DP, U3 (Line Drive, 3, EV 76.9 MPH)
|
| Bottom of the 5th over - 0 runs, 2 hits, 0 errors, 2 left on base; Minnesota (NYP) 2 - Lowell 2 |
| TOP OF THE 6TH |
|
Minnesota (NYP) Twins batting - Pitching for Lowell Spinners : LHP Ken Berger
|
|
Batting: LHB Tomas Espino
|
0-0: Ball 1-0: Called Strike 1-1: Swinging Strike 1-2: Strikes out swinging
|
|
Batting: RHB Pat Adams
|
0-0: Called Strike 0-1: Ball 1-1: SINGLE (Groundball, 6S, EV 68.1 MPH) (infield hit)
|
|
Batting: RHB Fhil Mikrakin
|
0-0: Foul Ball, location: 2F 0-1: Called Strike 0-2: Ball 1-2: Strikes out swinging
|
|
Batting: RHB Ton van Dijk
|
0-0: Ground out 4-3 (Groundball, 4, EV 86.2 MPH)
|
| Top of the 6th over - 0 runs, 1 hit, 0 errors, 1 left on base; Minnesota (NYP) 2 - Lowell 2 |
| BOTTOM OF THE 6TH |
|
Lowell Spinners batting - Pitching for Minnesota (NYP) Twins : RHP Larry Muttart
|
|
Batting: RHB Raul Sanchez
|
0-0: Called Strike 0-1: Ball 1-1: SINGLE (Line Drive, 4D, EV 95.6 MPH)
|
|
Batting: RHB Mario Arriero
|
0-0: TRIPLE (Groundball, 3L, EV 106.9 MPH) Raul Sanchez scores
|
|
Batting: RHB Willie Camacho
|
0-0: Ground out 4-3 (Groundball, 4S, EV 68.8 MPH)
|
|
Batting: LHB Robert Gonzalez
|
0-0: Ball 1-0: Ball 2-0: Ball 3-0: Called Strike 3-1: Foul Ball, location: 2F 3-2: Foul Ball, location: 2F 3-2: Base on Balls
|
|
Batting: RHB Rogelio Cervantes
|
0-0: Ball 1-0: Ball 2-0: Ball 3-0: Called Strike 3-1: Ground out 5-3 (Groundball, 56S, EV 69.4 MPH) Robert Gonzalez to second
|
|
Batting: RHB Aukukero Tairi
|
0-0: Ball 1-0: Swinging Strike 1-1: Foul Ball, location: 2F 1-2: Fly out, F7 (Line Drive, 7S, EV 101.2 MPH)
|
| Bottom of the 6th over - 1 run, 2 hits, 0 errors, 2 left on base; Minnesota (NYP) 2 - Lowell 3 |
| TOP OF THE 7TH |
|
Minnesota (NYP) Twins batting - Pitching for Lowell Spinners : LHP Ken Berger
|
|
Pinch Hitting: RHB Rick Kendall
|
0-0: Ball 1-0: DOUBLE (Flyball, 78D, EV 91.2 MPH)
|
|
Batting: SHB Juan Aguilar
|
0-0: Swinging Strike 0-1: Swinging Strike 0-2: Ball 1-2: Strikes out swinging
|
|
Pitching: RHP Mike Robertson
|
|
|
Batting: LHB Ben Roth
|
0-0: Called Strike 0-1: Ball 1-1: Ball 2-1: Ball 3-1: Called Strike 3-2: Strikes out swinging
|
|
Batting: RHB David McClellan
|
0-0: Swinging Strike 0-1: Ball 1-1: Called Strike 1-2: Strikes out swinging
|
| Top of the 7th over - 0 runs, 1 hit, 0 errors, 1 left on base; Minnesota (NYP) 2 - Lowell 3 |
| BOTTOM OF THE 7TH |
|
Lowell Spinners batting - Pitching for Minnesota (NYP) Twins : RHP Larry Muttart
|
|
Now in RF: Yasutoshi Hayashi
|
|
|
Batting: RHB Xavier Joslin
|
0-0: Called Strike 0-1: DOUBLE (Flyball, 89D, EV 100.6 MPH)
|
|
Pinch Runner at 2nd Guillermo Quintero:
|
|
|
Batting: SHB Salvador Padilla
|
0-0: Ball 1-0: Ball 2-0: Foul Ball, location: 2F 2-1: Called Strike 2-2: Ball 3-2: Base on Balls
|
|
Pitching: RHP Chad Brock
|
|
|
Batting: RHB Tony Gallegos
|
0-0: Ball 1-0: Ball 2-0: Foul Ball, location: 2F 2-1: Foul Ball, location: 2F 2-2: Foul Ball, location: 2F 2-2: Hit by Pitch Guillermo Quintero to third Salvador Padilla to second
|
|
Batting: RHB Raul Sanchez
|
0-0: Ball 1-0: Grounds into fielders choice 6-2 (Groundball, 6, EV 81.2 MPH) Salvador Padilla to third Tony Gallegos to second
|
|
Batting: RHB Mario Arriero
|
0-0: Called Strike 0-1: Foul Ball, location: 2F 0-2: Ball 1-2: Strikes out looking
|
|
Batting: RHB Willie Camacho
|
0-0: Ball 1-0: Ball 2-0: Ball 3-0: Called Strike 3-1: Swinging Strike 3-2: Strikes out swinging
|
| Bottom of the 7th over - 0 runs, 1 hit, 0 errors, 3 left on base; Minnesota (NYP) 2 - Lowell 3 |
| TOP OF THE 8TH |
|
Minnesota (NYP) Twins batting - Pitching for Lowell Spinners : RHP Mike Robertson
|
|
Batting: RHB Sergio Gomez
|
0-0: Called Strike 0-1: Ball 1-1: Ball 2-1: Ball 3-1: Foul Ball, location: 2F 3-2: Strikes out looking
|
|
Pitching: LHP Roald van Erkel
|
|
|
Batting: LHB Tomas Espino
|
0-0: Ball 1-0: Called Strike 1-1: Fly out, F8 (Flyball, 8RD, EV 94.4 MPH)
|
|
Pitching: RHP Tyler Tomblin
|
|
|
Batting: RHB Pat Adams
|
0-0: Swinging Strike 0-1: Ground out U3 (Groundball, 3L, EV 98.1 MPH)
|
| Top of the 8th over - 0 runs, 0 hits, 0 errors, 0 left on base; Minnesota (NYP) 2 - Lowell 3 |
| BOTTOM OF THE 8TH |
|
Lowell Spinners batting - Pitching for Minnesota (NYP) Twins : RHP Chad Brock
|
|
Batting: LHB Robert Gonzalez
|
0-0: DOUBLE (Line Drive, 78D, EV 101.2 MPH)
|
|
Batting: RHB Rogelio Cervantes
|
0-0: Bunted foul 0-1: Bunted foul 0-2: SINGLE (Flyball, 8RS, EV 88.1 MPH) Robert Gonzalez to third
|
|
Pitching: LHP Travis Joyal
|
|
|
Batting: RHB Aukukero Tairi
|
0-0: Called Strike 0-1: Ball 1-1: Ball Rogelio Cervantes steals 2nd base 2-1: Ball 3-1: Ground out 6-3 (Groundball, 56S, EV 75.0 MPH)
|
|
Batting: RHB Guillermo Quintero
|
0-0: Called Strike 0-1: Ground out 1-3 (Groundball, P, EV 65.0 MPH)
|
|
Batting: SHB Salvador Padilla
|
0-0: Ball 1-0: Ball 2-0: Foul Ball, location: 2F 2-1: Fly out, F7 (Flyball, 78M, EV 86.9 MPH)
|
| Bottom of the 8th over - 0 runs, 2 hits, 0 errors, 2 left on base; Minnesota (NYP) 2 - Lowell 3 |
| TOP OF THE 9TH |
|
Minnesota (NYP) Twins batting - Pitching for Lowell Spinners : RHP Tyler Tomblin
|
|
Pitching: RHP Tim Tucker
|
|
|
Batting: RHB Fhil Mikrakin
|
0-0: Called Strike 0-1: Ball 1-1: Called Strike 1-2: Foul Ball, location: 2F 1-2: Foul Ball, location: 2F 1-2: Ball 2-2: Strikes out swinging
|
|
Batting: RHB Ton van Dijk
|
0-0: Ball 1-0: Foul Ball, location: 2F 1-1: Ball 2-1: Foul Ball, location: 2F 2-2: Ground out 6-3 (Groundball, 56, EV 86.2 MPH)
|
|
Batting: LHB Yasutoshi Hayashi
|
0-0: Swinging Strike 0-1: Ball 1-1: Ball 2-1: Ball 3-1: Foul Ball, location: 2F 3-2: Base on Balls
|
|
Pinch Hitting: RHB Caleb Bockmann
|
0-0: Ball 1-0: Ball 2-0: Foul Ball, location: 2F 2-1: Called Strike 2-2: Strikes out swinging
|
| Top of the 9th over - 0 runs, 0 hits, 0 errors, 1 left on base; Minnesota (NYP) 2 - Lowell 3 |
|